[Event "44th Chess Olympiad Open 2022"]
[Site "Chennai"]
[Date "2022.08.01"]
[Round "4.62"]
[White "Isaakidis, Alexandros"]
[Black "Miswadah, Baha"]
[Result "0-1"]
[WhiteElo "2165"]
[BlackElo "1985"]
[Annotator "RC"]
[PlyCount "106"]
[EventDate "2022.??.??"]
[TimeControl "60"]

1. d4 d5 2. c4 e6 3. Nc3 c6 4. Nf3 dxc4 5. e4 b5 6. Be2 Bb4 7. O-O Bb7 8. Bg5 Ne7 9. e5 Bxc3 10. bxc3 c5 11. dxc5 Qxd1 12. Rfxd1 Nd5 13. Nd4 a6 14. Bf3 O-O 15. a4 Nc6 16. Bxd5 exd5 17. Nxc6 Bxc6 18. a5 Rfe8 19. Bf4 h6 20. f3 g5 21. Bg3 Rac8 22. h4 Bb7 23. hxg5 hxg5 24. Rd4 Re6 25. Rg4 Rg6 26. Bf2 Re8 27. Bd4 Bc8 28. Rg3 g4 29. Kf2 Kf8 30. Rh1 Ke7 31. Rh5 gxf3 32. Rxg6 fxg6 33. Rh7+ Ke6 34. gxf3 Rf8 35. Ke3 Kf5 36. Ra7 g5 37. Rg7 Be6 38. Ra7 Bc8 39. Ra8 g4 40. fxg4+ Kxg4 41. c6 Kf5 42. Bc5 Rg8 43. Bd6 b4 44. cxb4 Rg3+ 45. Kd4 Rd3+ 46. Kc5 c3 47. Rxc8 c2 48. Rf8+ Ke4 49. Kb6 c1=Q 50. c7 Qg1+ 51. Bc5 Qg6+ 52. Kb7 Qg7 53. Ka8 Qxc7 0-1

[Event "44th Chess Olympiad Open 2022"]
[Site "Chennai"]
[Date "2022.08.01"]
[Round "4.62"]
[White "Isam, Gaith"]
[Black "Damianou, Ioannis"]
[Result "0-1"]
[WhiteElo "1828"]
[BlackElo "2153"]
[Annotator "NA RC"]
[PlyCount "106"]
[EventDate "2022.??.??"]
[TimeControl "60"]

1. e4 c5 2. Nc3 Nc6 3. f4 g6 4. Nf3 Bg7 5. a4 e6 6. e5 d6 7. Bb5 Nge7 8. Ne4 dxe5 9. fxe5 O-O 10. Nf6+ Kh8 11. Bxc6 Nxc6 12. Qe2 Nxe5 13. Qxe5 Bxf6 14. Qxc5 e5 15. d3 Bg4 16. Qf2 Bg7 17. O-O Rc8 18. Ne1 a6 19. Be3 Qd5 20. Rc1 Bd7 21. c4 Qd6 22. Nf3 Bxa4 23.
b3 Bxb3 24. Qh4 Qxd3 25. Bh6 Rxc4 26. Rxc4 Qxc4 27. Qh3 e4 28. Nd2 Qc5+ 29. Be3 Bd4 30. Nxb3 Bxe3+ 31. Kh1 Qc4 32. Re1 Qxb3 33. Qxe3 Qxe3 34. Rxe3 f5 35. Rc3 Kg7 36. Kg1 Kf6 37. Kf2 f4 38. g3 g5 39. h4 fxg3+ 40. Kxg3 gxh4+ 41. Kf4 Re8 42. Ke3 h3 43. Rc1 Kg5 44. Rc7 h5 45. Rxb7 h2 46. Rb1 Kg4 47. Kf2 e3+ 48. Kg2 e2 49. Re1 h1=Q+ 50. Kxh1 Kf3 51. Kg1 Rg8+ 52. Kh2 Kf2 53. Rf1+ exf1=R 0-1

[Event "44th Chess Olympiad Open 2022"]
[Site "Chennai"]
[Date "2022.08.01"]
[Round "4.62"]
[White "Antoniou, Rafail"]
[Black "seder mohamad"]
[Result "1-0"]
[WhiteElo "1817"]
[BlackElo "1950"]
[Annotator "NA RC"]
[PlyCount "119"]
[EventDate "2022.??.??"]
[TimeControl "60"]

1. e4 e6 2. d4 d5 3. Nc3 Bb4 4. exd5 exd5 5. Bd3 Nf6 6. Nge2 O-O 7. O-O Nbd7 8. a3 Bd6 9. Ng3 Re8 10. Nce2 Ne4 11. Bf4 Ndf6 12. Qc1 b6 13. f3 Nxg3 14. Nxg3 c5 15. c3 Qc7 16. Bxd6 Qxd6 17. Qg5 h6 18. Qd2 Bd7 19. Rfe1 Rac8 20. Rad1 h5 21. Qg5 cxd4 22. cxd4 b5 23. Nxh5 Nxh5 24. Qxh5 g6 25. Qg5 b4 26. Rxe8+ Rxe8 27. axb4 Qxb4 28. Qxd5 Be6 29. Qc5 Qxb2 30. Qxa7 Bf5 31. Bxf5 Qb3 32. Qa1 gxf5 33. Re1 Rd8 34. Qa5 Rd5 35. Qd2 Qa4 36. Rd1 f4 37. Kf1 Qc4+ 38. Kf2 Qa4 39. Kg1 Kg7 40. Qe2 Qd7 41. Qe4 Qa4 42. Rd2 Qa1+ 43. Kf2 Qc1 44. Qxf4 f6 45. Qe3 Rg5 46. Re2 Qh1 47. Qe7+ Kg6 48. Qe4+ Kg7 49. f4 Ra5 50. Qe7+ Kg6 51. Qe8+ Kh6 52. Qh8+ Kg6 53. Qg8+ Kh6 54. Re7 Ra2+ 55. Qxa2 Qxh2 56. Qd2 f5 57. Re6+ Kg7 58. Qe3 Qh5 59. Qe5+ Kg8 60. Re8+ 1-0

[Event "44th Chess Olympiad Open 2022"]
[Site "Chennai"]
[Date "2022.08.01"]
[Round "4.62"]
[White "Shawabke Ziyad"]
[Black "Michaelides, Konstantinos"]
[Result "0-1"]
[WhiteElo "1786"]
[BlackElo "2300"]
[Annotator "TA"]
[PlyCount "70"]
[EventDate "2022.??.??"]
[TimeControl "60"]

1. Nf3 Nf6 2. c4 e6 3. Nc3 Bb4 4. g3 Bxc3 5. bxc3 b6 6. Bg2 Bb7 7. O-O d6 {[%emt 0:04:01] A17: English Opening: 1...Nf6 with ...Bb4.} 8. a4 a5 9. d3 O-O {[%emt 0:02:26]
White is slightly better.} 10. e4 Nbd7 {[%emt 0:08:37] [#]}
11. h3 $146 ({Predecessor:} 11. Nd4 Nc5 12. Bg5 h6 13. Be3
Nfd7 14. f4 Qe7 15. Re1 Qf6 16. Ra2 Rae8 17. Rf2 Qd8 {1-0 (63) Ivanov,M (2428)
-Denisov,I (2300) Ostrava 2011}) 11... Nc5 12. Nd4 Nfd7 13. f4 {[%emt 0:03:52] Prevents Ne5.} f5 14. exf5 {[%emt 0:01:42] aiming for Bxb7.} Bxg2 15. Kxg2 exf5 16. Qf3 Qf6 17. Bd2 Qf7 18. g4 g6 19. g5 h5 20. Be1 Rfe8 21. Bf2 Nf8 22. h4 Qd7 23. Nb5 Nfe6 {[%emt 0:03:43][%cal Yc5d3] Threatens to win with ...Nxd3!} 24. Rfe1 $2 {
[%emt 0:02:46] [#] This costs White the game.} ({White should try} 24. Kg3 $15)
24... Nxd3 $1 $19 25. Rxe6 Nxf4+ ({Weaker is} 25... Qxe6 26. Qxd3 Rac8 27. Qd5 $11) 26. Qxf4 Rxe6 27. Qd2 (27. Qf3 $142 Re4 28. Re1)
27... Rae8 28. Re1 $2 (28. Qd3) 28... Qc6+ 29. Kg1 Rxe1+ 30. Bxe1 Qxc4 31. Bf2 Qg4+ 32. Kf1 Qh3+ 33. Kg1 Re4 34. Qd5+ Kf8 {[%emt 0:00:00] ( -> ...
Rg4+)} 35. Bxb6 Qg3+ {[%emt 0:00:40] Weighted Error Value:
White=0.73/Black=0.04 (flawless)} ({Not} 35... cxb6 36. Qxd6+ Kg7 37. Qf6+ Kg8
38. Qd8+ Kh7 39. Qd7+ Kh8 40. Qd8+ Kh7 41. Qd7+ Kh8 42. Qd8+ Kg7 43. Qf6+ Kh7
44. Qf7+ Kh8 45. Qf8+ Kh7 46. Qf7+ Kh8 47. Qf8+ Kh7 48. Qf7+ $11) 0-1

[Event "44th Chess Olympiad Open 2022"]
[Site "Chennai"]
[Date "2022.08.01"]
[Round "4.63"]
[White "Othman, A. Moussa"]
[Black "Paiva, Donaldo"]
[Result "1/2-1/2"]
[WhiteElo "2229"]
[BlackElo "2191"]
[Annotator "TA"]
[PlyCount "205"]
[EventDate "2022.??.??"]
[TimeControl "60"]

1. d4 Nf6 2. c4 e6 3. Nf3 d5 4. Nbd2 Be7 5. g3 O-O 6. Bg2 Nbd7 7. O-O c6 8. b3 b6 9. Bb2 Bb7 10. Rc1 Rc8 11. cxd5 {[%emt 0:08:08] E07: Closed Catalan:
Main Line (5 Nf3 0-0 6 0-0 Nbd7).} (11. e3 {seems wilder.} dxc4 12. Nxc4 c5 13.
Qe2) 11... cxd5 12. Rxc8 Qxc8 13. Qb1 {[%emt 0:00:30] [#]} Ba6 $146 ({Predecessor:} 13...
Qb8 14. Rc1 h6 15. Ne1 Rc8 16. Nd3 Rxc1+ 17. Qxc1 Bd6 18. e3 Ne4 19. Qc2 Nxd2
20. Qxd2 Qc7 21. Qc3 Qxc3 {½-½ (21) Malakhatko,V (2442)-Dgebuadze,A (2488)
Bruges 2021}) 14. Rc1 Qb7 15. e3 Rc8 16. Rc2 (16. Ne5 {is interesting.}
Bb5 17. Ndf3 h6 18. Rc2) 16... h6 (16... Bb5 {keeps more
tension.} 17. Ne1 h6 18. e4 Nxe4 19. Nxe4 dxe4 20. Bxe4 Qb8) 17. Qc1 Rxc2 18. Qxc2 Qc8 19. Qxc8+ Bxc8 20. Bf1 Nb8 21. Bd3 Ba6 22. Bxa6 Nxa6 23. Ne5 Nb8 {[%emt 0:00:
00] Against Nc6} 24. f3 Bb4 25. Nb1 Nfd7 26. Nd3 Be7 27.
Kf2 Nc6 28. Ba3 Kf8 29. Ke2 a6 30. Kd2 Bxa3 31. Nxa3 $11 {[%emt 0:00:02] Endgame KNN-KNN} Ke7 32. Kc3 Kd6 33. b4 Na7 34. e4 Kc6 35.
e5 Nb8 36. Nc2 Kd7 37. a4 Nbc6 38. f4 a5 39. b5 Ne7 40. Ne3 Nf5 41. Nxf5 exf5
$14 {[%emt 0:00:17] KN-KN} 42. Ne1 Nc8 43.
Nc2 Ne7 44. Kd3 Ng6 45. Ne3 Ke6 46. Ke2 Ne7 47. Nc2 Ng6 48.
Kf3 Ne7 49. h3 h5 50. Ne3 Ng8 51. Ng2 Ne7 52. Ne1 Ng6 53. Ng2 Ne7 $1 54. Kf2 Ng6 55. Ke3 Ne7 56. Ne1 Ng6 57. Nf3 Ke7 58. Ng1 Ke6 59. Kf3 Ne7 60. Ne2 Ng8 61. Nc3 Ne7 62. Nd1 Ng8 63. Ne3 Nh6 64. Kf2 Ng8 65. Ke2 Nh6 66. Kf2 Ng8
$1 67. g4 ({Better is} 67. Nf1 $14) 67...
hxg4 $11 68. hxg4 Nh6 69. g5 Ng8 (69... Ng4+ $11 {keeps the balance.} 70.
Kf3 Nxe3 71. Kxe3 Ke7) 70. Kf3 Ne7 71. Nc2 g6 72. Ne1 Nc8 73. Ke3 Ne7 74. Kd3 Kd7 75. Kc3 Kc7 76. Nd3 Kd7 77. Kb3 Kc7 78. Kc2 Kd7 79. Kd2 Kc7 80. Ke3 Kd7 81. Nb2 Kc7 82. Nd1 Kd7 83. Kd3 Kc7 84. Kc3 Kd7 85. Ne3 Kc7 86. Ng2 Kd7 87. Ne1 Kc7 88. Nd3 Kd7 89. Nc1 Kc7 90. Nb3 Kd7 91. Nc5+ bxc5 {
[%emt 0:04:28] The position is equal.} 92. dxc5 {[%emt 0:00:00] KN-KP} Kc7 93. Kd3 $1 Kb7 94. Kc3 $1 Kc7 95. Kd3 $1 Kb7 96. Kd4 Kc7 {[%emt 0:00:09][%cal Ye7c6] [#] Hoping
for ...Nc6+!} 97. Kd3 Kb7 98. Ke3 Kc7 99. Kd3 $1 Kb7 100. Kc3 Kc7 101. Kd3 $1 Kb7 102. Kc3 Kc7 103. Kd3 $1 {
[%emt 0:00:25] Weighted Error Value: White=0.03 (flawless) / Black=0.02 
(flawless)} 1/2-1/2

[Event "44th Chess Olympiad Open 2022"]
[Site "Chennai"]
[Date "2022.08.01"]
[Round "4.63"]
[White "Sultan, Ibrahim"]
[Black "Napoleao, Lourenco"]
[Result "1-0"]
[WhiteElo "2108"]
[BlackElo "1778"]
[Annotator "NA RC"]
[PlyCount "106"]
[EventDate "2022.??.??"]
[TimeControl "60"]

1. d4 d5 2. c4 c6 3. Nf3 Nf6 4. Nbd2 a6 5. Qc2 g6 6. g3 Bg7 7. Bg2 O-O 8.
O-O a5 9. e4 dxe4 10. Nxe4 a4 11. Nc3 Bf5 12. Qe2 Bg4 13. Rd1 e6 14. a3 Nbd7 15. h3 Bxf3 16. Bxf3 Re8 17. Bf4 Qa5 18. Be3 Nb6 19. Rac1 Rad8 20. Kg2 Rd7 21. g4 Red8 22. g5 Ne8 23. c5 Nc8 24. Qc4 b5 25. cxb6 Nxb6 26. Qxc6 Nc7 27. Rc2 Ncd5 28. Qb5 Qa7 29. Ne4 Nxe3+ 30. fxe3 Nd5 31. Re1 Rb7 32. Qc5 Qb8 33. Qa5 Rxb2 34. Qxa4 Nxe3+ 35. Rxe3 Rxd4 36. Qc6 Rd8 37. Ree2 Rxc2 38. Rxc2 Rf8 39. a4 Qf4 40. Rc4 Kh8 41. Qd6 Qf5 42. Rb4 Rg8 43. Rb5 e5 44. Rb8 Rc8 45. Qc7 Rg8 46. a5 Qe6 47. Kg3 h5 48. Rxg8+ Kxg8 49. Qb6 Qa2 50. h4 f5 51. gxf6 Bh6 52. Qd8+ Kh7 53. Ng5+ Bxg5 1-0

[Event "44th Chess Olympiad Open 2022"]
[Site "Chennai"]
[Date "2022.08.01"]
[Round "4.63"]
[White "Vasco Mateus Felizardo Viagei"]
[Black "Al Hosani, Omran"]
[Result "1-0"]
[WhiteElo "1852"]
[BlackElo "2215"]
[Annotator "NA RC"]
[PlyCount "105"]
[EventDate "2022.??.??"]
[TimeControl "60"]

1. e4 e5 2. Nf3 Nc6 3. Bb5 a6 4. Ba4 Nf6 5. d3 b5 6. Bb3 Be7 7. O-O O-O 8. Re1 Bb7 9. c3 d5 10. exd5 Nxd5 11. Nxe5 Nxe5 12. Rxe5 Qd6 13. d4 Bf6 14. Re1 Rae8 15. Bd2 c5 16. dxc5 Qxc5 17. Na3 Rd8 18. Qg4 Rd6 19. Nc2 Bd8 20. Nd4 Rg6 21. Qf3 Ba8 22. Re5 Rd6 23. Nf5 Bf6 24. Nxd6 Bxe5 25. Ne4 Qc7 26. Qh5 Nf4 27. Bxf4 Bxf4 28. Ng5 h6 29. Nxf7 Rxf7 30. Re1 g6 31. Qxg6+ Kf8 32. Bxf7 Qxf7 33. Qxa6 Bd5 34. Qxb5 Bc7 35. Qc5+ Kg8 36. c4 Ba8 37. Qe7 Bc6 38. Qe6 Bd7 39. Qxh6 Bf4 40. Qb6 Bg5 41. Qc5 Qg7 42. Qd5+ Kh8 43. c5 Bf4 44. c6 Qh6 45. g3 Bxg3 46. fxg3 Bxc6 47. Qd8+ Kg7 48. Re7+ Kf6 49. Qd6+ Kg5 50. Re5+ Kg4 51. Qxh6 Bg2 52. Qf4+ Kh3 53. Qh4# 1-0

[Event "44th Chess Olympiad Open 2022"]
[Site "Chennai"]
[Date "2022.08.01"]
[Round "4.63"]
[White "Jamal, Hamid Harmon Gulamo"]
[Black "Abdulrahman Mohammad, Al Taher"]
[Result "0-1"]
[WhiteElo "1617"]
[BlackElo "2029"]
[Annotator "NA RC"]
[PlyCount "64"]
[EventDate "2022.??.??"]
[TimeControl "60"]

1. e4 c5 2. Nf3 Nc6 3. Bb5 g6 4. Bxc6 dxc6 5. d3 Bg7 6. h3 Nf6 7. O-O Nd7 8. Nc3 e5 9. Be3 Qe7 10. Qd2 Nf8 11. Bh6 f6 12. Bxg7 Qxg7 13.
Qe3 Ne6 14. Nd2 O-O 15. Ne2 g5 16. Ng3 Qg6 17. Nf5 Kh8 18.
c3 Nf4 19. Ne7 Qg7 20. Nxc8 Raxc8 21. Qxc5 g4 22. h4 Ne2+ 23. Kh1 Qh6 24. g3 Qxd2 25. Rad1 Qxb2 26. Rb1 Qxc3 27. Qe3 Nd4 28. Rxb7 Kg8 29. Qh6 Rf7 30. Rfb1 Qxd3 31. Rb8 Qf3+ 32. Kg1 Ne2+ 0-1

[Event "44th Chess Olympiad Open 2022"]
[Site "Chennai"]
[Date "2022.08.01"]
[Round "4.64"]
[White "Alfaro, William"]
[Black "Martyr, Reginald"]
[Result "0-1"]
[WhiteElo "2155"]
[BlackElo "2194"]
[Annotator "NA RC"]
[PlyCount "68"]
[EventDate "2022.??.??"]
[TimeControl "60"]

1. d4 f5 2. g3 Nf6 3. Bg2 g6 4. c4 Bg7 5. Nc3 d6 6. Nf3 O-O 7. O-O Nc6 8.
Qb3 Ne4 9. Rd1 Nxc3 10. Qxc3 Qe8 11. Qb3 e5 12. c5+ Kh8 13. d5 Nb8 14. cxd6 cxd6 15. Bd2 Na6 16. Bb4 Nxb4 17. Qxb4 Qe7 18. Rac1 g5 19. Nd2 e4 20. e3 h5 21. Rc2 b6 22. Nc4 Rd8 23. Qa3 Bb7 24. b4 Rdc8 25. Qb3 Rc7 26. f3 Rac8 27. fxe4 b5 28.
Na3 Rc3 29. Rdc1 Rxb3 30. Rxc8+ Bxc8 31. Rxc8+ Kh7 32. axb3 a6 33. Rc6 Qe5 34. Rxa6 Qc3 0-1

[Event "44th Chess Olympiad Open 2022"]
[Site "Chennai"]
[Date "2022.08.01"]
[Round "4.64"]
[White "Salazar Cabezas, Alberto Javier"]
[Black "Mathurin, Nathaniel"]
[Result "0-1"]
[WhiteElo "2155"]
[BlackElo "1722"]
[Annotator "NA RC"]
[PlyCount "110"]
[EventDate "2022.??.??"]
[TimeControl "60"]

1. Nf3 Nf6 2. c4 e6 3. g3 d5 4. Bg2 Be7 5. O-O O-O 6. b3 dxc4 7. bxc4 c5 8. Bb2 Nc6 9. Nc3 Rb8 10. d3 a6 11. a4 Ne8 12. e3 Bf6 13. Qe2 Nd6 14. Rfd1 Qc7 15. g4 Qe7 16. g5 Bxg5 17. Nxg5 Qxg5 18. Kh1 e5 19. f4 Qh4 20. Rg1 Be6 21. Nd5 Bg4 22. Bf3 Bxf3+ 23. Qxf3 f6 24. Rg4 Qh6 25. Rag1 Rf7 26. f5 e4 27. Qg2 Nxf5 28. dxe4 Nh4 29. Qh3 Ng6 30. Qxh6 gxh6 31. Nxf6+ Kf8 32. e5 Ke7 33. Nd5+ Kd7 34. Re4 Ke6 35. Reg4 Ncxe5 36. R4g2 Nxc4 37. e4 Nf4 38. Nxf4+ Rxf4 39. Bc1 Rxe4 40. Bxh6 b5 41. Rb1 Rb7 42. Rg5 Ne5 43. Rg8 b4 44. Bf8 Kd5 45. Rgg1 b3 46. Rgd1+ Rd4 47. Re1 c4 48. Rec1 Rf7 49. Bh6 Ng4 50. Bg5 Rf2 51. h3 Ne5 52. Be3 Re2 53. Bxd4 Kxd4 54. Kg1 b2 55. Rd1+ Ke3 0-1

[Event "44th Chess Olympiad Open 2022"]
[Site "Chennai"]
[Date "2022.08.01"]
[Round "4.64"]
[White "Sixtus Gabriel"]
[Black "Rocha, Maximiliano"]
[Result "0-1"]
[WhiteElo "1787"]
[BlackElo "2117"]
[Annotator "NA RC"]
[PlyCount "110"]
[EventDate "2022.??.??"]
[TimeControl "60"]

1. e4 e5 2. Nf3 Nc6 3. Bc4 Bc5 4. d3 d6 5. c3 Nf6 6. Nbd2 a6 7. Qe2 O-O 8. O-O Ba7 9. h3 Ne7 10. d4 Ng6 11. Nb3 Qe7 12. Re1 h6 13.
Bd2 Re8 14. Bd3 Bd7 15. Na5 Rab8 16. Rad1 Nh5 17. dxe5 dxe5 18. Kh2 Nhf4 19. Bxf4 Nxf4 20. Qf1 b5 21. Nb3 Rbd8 22. Nc1 Qf6 23. Ng1 Be6 24. b3 g5 25. g3 Ng6 26. Kg2 Bc8 27. Bc2 Kg7 28.
Rxd8 Rxd8 29. Rd1 g4 30. h4 Rxd1 31. Bxd1 h5 32. Nd3 Qc6 33. Qe1 f5 34. Nb4 Qxe4+ 35. Qxe4 fxe4 36. Nc6 Bc5 37. Bc2 Bf5 38. b4 Bb6 39. Ne2 Kf6 40. Kf1 e3 41. Bxf5 Kxf5 42. fxe3 Ke4 43. Nb8 Ne7 44. Nxa6 Nf5 45. Nb8 Nxe3+ 46. Ke1 Nc4 47. Nd7 Kf3 48. Nf6 Bf2+ 49. Kd1 Bxg3 50. Nxg3 Kxg3 51. Nxh5+ Kxh4 52. Nf6 g3 53. Ke2 Kh3 54. a3 g2 55. Kf2 Nd2 0-1

[Event "44th Chess Olympiad Open 2022"]
[Site "Chennai"]
[Date "2022.08.01"]
[Round "4.65"]
[White "Jaiswal, Rupesh"]
[Black "Diop, Wara"]
[Result "1-0"]
[WhiteElo "2083"]
[BlackElo "1636"]
[Annotator "NA RC"]
[PlyCount "129"]
[EventDate "2022.??.??"]
[TimeControl "60"]

1. d4 Nf6 2. Bf4 d5 3. e3 e6 4. Bd3 Nbd7 5. Nd2 c5 6. c3 Qb6 7. Qb1 Be7 8. Ngf3 h6 9. h3 c4 10. Bc2 Qa5 11. e4 dxe4 12. Nxe4 Nxe4 13. Bxe4 Nf6 14. Bc2 Bd7 15. Ne5 Qd5 16. O-O Bc6 17. f3 g5 18.
Bh2 h5 19. Be4 Nxe4 20. fxe4 Qxe4 21. Qxe4 Bxe4 22. Rxf7 g4 23. Re1 Bf5 24. Rxf5 exf5 25. Ng6 Kf7 26. Nxh8+ Rxh8 27. Re5 Kf6 28. Rb5 Rg8 29. hxg4 Rxg4 30. Rxb7 f4 31. Kf1 Bd6 32. Rxa7 Rh4 33. Ra6 Ke7 34. Kg1 Rg4 35. Kf2 Rh4 36. Bg1 Rg4 37. Ra5 h4 38. Bh2 h3 39. gxh3 Rh4 40. Ra7+ Ke6 41. Ra6 Kd5 42. b3 Rxh3 43. bxc4+ Kxc4 44. Rxd6 Rxh2+ 45. Kf3 Kxc3 46. a4 Ra2 47. Kxf4 Rxa4 48. Ke4 Kc4 49. Rc6+ Kb5 50. Rc2 Kb6 51. Ke5 Ra1 52. d5 Re1+ 53. Kf6 Rf1+ 54. Ke7 Re1+ 55. Kd6 Kb7 56. Kd7 Re5 57. Rb2+ Ka6 58. d6 Re1 59. Kc7 Rc1+ 60. Kd8 Rd1 61. d7 Rd3 62. Rb4 Ka5 63.
Rb7 Ka6 64. Kc8 Rd4 65. Rc7 1-0

[Event "44th Chess Olympiad Open 2022"]
[Site "Chennai"]
[Date "2022.08.01"]
[Round "4.65"]
[White "Lama, Milan"]
[Black "Wane, Al Hassane"]
[Result "1-0"]
[WhiteElo "2024"]
[BlackElo "1750"]
[Annotator "NA RC"]
[PlyCount "117"]
[EventDate "2022.??.??"]
[TimeControl "60"]

1. e4 d6 2. d4 Nf6 3. Nc3 Nc6 4. f4 Bg4 5. Qd3 e5 6. d5 Nd4 7. f5 Nd7 8. Be3 Nc5 9. Qd2 g6 10. Bxd4 exd4 11. Qxd4 Rg8 12. Bb5+ Nd7 13. Bxd7+ Kxd7 14. f6 Kc8 15. e5 Bf5 16. e6 fxe6 17. dxe6 Bxe6 18. Nf3 g5 19. Ne4 g4 20. Nfg5 Bf5 21. O-O Bxe4 22. Nxe4 d5 23. Rad1 c6 24. Qe5 Qb6+ 25. Kh1 Rg6 26. Qe6+ Kc7 27. Qf7+ Kc8 28. Qxf8+ Qd8 29. Qf7 Qd7 30. Qf8+ Qd8 31. Nd6+ Kc7 32. Qxd8+ Rxd8 33. f7 Rf8 34. Ne8+ Kd8 35. c4 Ke7 36. cxd5 cxd5 37. Rde1+ Re6 38. Rxe6+ Kxe6 39. Ng7+ Ke5 40. Rf5+ Kd6 41. Kg1 d4 42. Kf2 Ke7 43. Ne8 b6 44. Nc7 Rxf7 45. Rxf7+ Kxf7 46. Nb5 Ke6 47. Nxd4+ Kd5 48. Ke3 a6 49. Nf5 b5 50. g3 Kc4 51. Kd2 a5 52. Ne3+ Kb4 53. Nxg4 a4 54. Nf6 h6 55. Ng4 Kc4 56. Nxh6 b4 57. Nf5 a3 58. b3+ Kd5 59. Ne3+ 1-0

[Event "44th Chess Olympiad Open 2022"]
[Site "Chennai"]
[Date "2022.08.01"]
[Round "4.65"]
[White "Cisse, Amadou Lamine"]
[Black "Chaulagain, Purushottam"]
[Result "0-1"]
[WhiteElo "2005"]
[BlackElo "1975"]
[Annotator "NA RC"]
[PlyCount "82"]
[EventDate "2022.??.??"]
[TimeControl "60"]

1. d4 Nf6 2. Bg5 g6 3. Bxf6 exf6 4. e3 Bg7 5. Bd3 O-O 6. h4 d5 7. h5 f5 8. hxg6 fxg6 9. c4 c5 10. Ne2 cxd4 11. exd4 Nc6 12. Nbc3 Nxd4 13. Nxd4 Bxd4 14. Nxd5 Bxb2 15. Rb1 Bg7 16.
Qf3 f4 17. Rd1 Bd7 18. Rxh7 Qg5 19. Bxg6 Rae8+ 20. Be4 Rxe4+ 21.
Kf1 Kxh7 22. Qxe4+ Bf5 23. Qe2 Bg6 24. Qe7 Qxe7 25. Nxe7 Bf7 26. Nd5 Be5 27. Re1 Bd6 28. Rd1 Kg7 29. Rd4 Be8 30. Ke2 Bc6 31.
Kf3 Bc5 32. Rxf4 Rxf4+ 33. Kxf4 Bxf2 34. Ke5 Bg3+ 35. Ke6 Kf8 36. Kf5 Kf7 37. Ne3 Bf2 38. Nd5 b5 39. Nb4 Bd7+ 40. Kf4 bxc4 41. g4 c3 0-1

[Event "44th Chess Olympiad Open 2022"]
[Site "Chennai"]
[Date "2022.08.01"]
[Round "4.65"]
[White "Badji, Sekou Aransbene"]
[Black "Bhandari, Kshitiz"]
[Result "0-1"]
[WhiteElo "1732"]
[BlackElo "2071"]
[Annotator "NA RC"]
[PlyCount "132"]
[EventDate "2022.??.??"]
[TimeControl "60"]

1. d4 Nf6 2. Nf3 e6 3. Bf4 c5 4. e3 Nc6 5. c3 d5 6. Bd3 Qb6 7. Qc2 Bd7 8. Nbd2 Rc8 9. a3 Be7 10. O-O h6 11. h3 O-O 12. Rab1 a5 13.
Qd1 Rfd8 14. Re1 Be8 15. Ne5 a4 16. Bc2 Ra8 17. Qf3 Rdc8 18.
Nf1 cxd4 19. Nxc6 bxc6 20. exd4 c5 21. Be5 Nd7 22. Qd3 Nf8 23.
dxc5 Bxc5 24. Qg3 f6 25. Bf4 g5 26. Be3 Bg6 27. Bxc5 Rxc5 28. Bxg6 Nxg6 29. Ne3 Kf7 30. Qf3 Kg7 31. Nc2 Re8 32. Nd4 Rcc8 33.
Re2 Re7 34. Qe3 Kf7 35. Rbe1 Nf4 36. Rd2 Qb7 37. g3 Ng6 38. Rde2 Rce8 39. Qf3 Qd7 40. Qh5 e5 41. Nf3 Kg7 42. Rd2 Rd8 43. Red1 Qe6 44. Nh2 f5 45. Qe2 Rb7 46. Nf3 Rb6 47. Re1 Kf6 48. Qd1 Qc6 49. Rde2 e4 50. Nd4 Qd7 51. Rd2 Ne5 52. Qh5 Kg7 53. h4 Rg6 54. Rb1 Ng4 55. Rf1 Nf6 56. Qe2 gxh4 57. Kg2 f4 58. Qa6 f3+ 59. Kg1 Qh3 60. Ne6+ Kh8 61. Nf4 Qg4 62. Nxg6+ Qxg6 63. Qe6 hxg3 64. fxg3 Qxg3+ 65. Kh1 Ng4 66. Rff2 Rg8 0-1

[Event "44th Chess Olympiad Open 2022"]
[Site "Chennai"]
[Date "2022.08.01"]
[Round "4.66"]
[White "Christie, Joshua"]
[Black "Khan, Taffin"]
[Result "1-0"]
[WhiteElo "2272"]
[BlackElo "2019"]
[Annotator "NA RC"]
[PlyCount "63"]
[EventDate "2022.??.??"]
[TimeControl "60"]

1. d4 Nf6 2. c4 e6 3. g3 d5 4. Bg2 c6 5. Nf3 Bd6 6. Qc2 Nbd7 7. O-O O-O 8.
Nbd2 Qe7 9. Re1 Bb4 10. a3 Bxd2 11. Bxd2 Ne4 12. Bb4 c5 13. dxc5 a5 14. Bc3 Qxc5 15. Bd4 Qc7 16. Rac1 e5 17. Nxe5 Nxe5 18. cxd5 Qxc2 19. Rxc2 Bf5 20. Bxe5 Rfe8 21. Bc7 Nxf2 22. Rd2 Ne4 23. Rd4 Nc5 24. Rc4 Nd3 25. Rf1 Nxb2 26. Rcf4 Bg6 27. d6 Rxe2 28. R4f2 Rxf2 29. Rxf2 Nd3 30. d7 Nxf2 31. Kxf2 Bf5 32. Bxb7 1-0

[Event "44th Chess Olympiad Open 2022"]
[Site "Chennai"]
[Date "2022.08.01"]
[Round "4.66"]
[White "Shaw, Jaden"]
[Black "Nathoo, Loris"]
[Result "1-0"]
[WhiteElo "1930"]
[BlackElo "1695"]
[Annotator "NA RC"]
[PlyCount "59"]
[EventDate "2022.??.??"]
[TimeControl "60"]

1. e4 d6 2. d4 Nf6 3. Nc3 g6 4. f3 Bg7 5. Be3 Nbd7 6. Qd2 h6 7. Bc4 c6 8. a4 Qa5 9. Nge2 Qb4 10. Bb3 Qa5 11. O-O a6 12. Kh1 c5 13. f4 cxd4 14. Nxd4 Qh5 15. Nf3 Nc5 16. Bd5 e6 17. Bxc5 dxc5 18. Bc4 Ng4 19. Kg1 Bd4+ 20. Kh1 Ne3 21. Be2 Nxf1 22. Rxf1 Bxc3 23. Qxc3 O-O 24. Qf6 c4 25. Bxc4 Qc5 26. Ne5 Kh7 27. f5 gxf5 28. Nxf7 Qxc4 29. Qxh6+ Kg8 30. Qg6# 1-0

[Event "44th Chess Olympiad Open 2022"]
[Site "Chennai"]
[Date "2022.08.01"]
[Round "4.66"]
[White "Drayton, Anthony"]
[Black "Lorne, Ras Malaku"]
[Result "0-1"]
[WhiteElo "1928"]
[BlackElo "2079"]
[Annotator "NA RC"]
[PlyCount "92"]
[EventDate "2022.??.??"]
[TimeControl "60"]

1. d4 Nf6 2. Bf4 d5 3. e3 e6 4. Nf3 c5 5. c3 Nc6 6. Nbd2 h6 7. Ne5 Bd6 8. Bg3 cxd4 9. exd4 Bxe5 10. dxe5 Nd7 11. f4 Qb6 12. Qg4 Qxb2 13.
Rb1 Qxc3 14. Qxg7 Rf8 15. Bb5 Nc5 16. O-O Qxd2 17. Bh4 Ne4 18.
Rbe1 Bd7 19. Re2 Qb4 20. Bxc6 bxc6 21. Qxh6 Rg8 22. Qh5 Rb8 23. f5 Qd4+ 24. Bf2 Nxf2 25. Rexf2 exf5 26. Qh7 Ke7 27. Qh3 a5 28. Qa3+ Qb4 29. Qd3 Rg5 30. Rf4 Qc5+ 31. Kh1 Be6 32. R4f2 Rb4 33. Rc2 Qb5 34. Qf3 Rb1 35. Rfc1 Rxc1+ 36. Rxc1 Qb2 37. Rg1 Qxe5 38. Qa3+ Qd6 39. Qxa5 d4 40. Qd2 f4 41. a4 Bd5 42. a5 c5 43. Qe1+ Kf8 44. Qh4 Qg6 45. a6 Bxg2+ 46. Rxg2 Qb1+ 0-1

[Event "44th Chess Olympiad Open 2022"]
[Site "Chennai"]
[Date "2022.08.01"]
[Round "4.66"]
[White "Neto, Roberto"]
[Black "McDonald, Jhustice-Dimonte"]
[Result "0-1"]
[WhiteElo "1663"]
[BlackElo "1884"]
[Annotator "NA RC"]
[PlyCount "80"]
[EventDate "2022.??.??"]
[TimeControl "60"]

1. d4 Nf6 2. Bf4 e6 3. e3 d5 4. Nd2 Bd6 5. Bg3 O-O 6. Bd3 Nc6 7. c3 e5 8. dxe5 Nxe5 9. Bxe5 Bxe5 10. Ngf3 Bd6 11. Qc2 c5 12. O-O Re8 13. Bf5 Bd7 14. Bxd7 Qxd7 15. c4 Rad8 16. cxd5 Nxd5 17. Ng5 Nf6 18. Nge4 Nxe4 19. Nxe4 Qf5 20. f3 Qe5 21. g3 f5 22. Nxd6 Qxe3+ 23. Kh1 Rxd6 24. Rae1 Qxe1 25. Rxe1 Rxe1+ 26.
Kg2 Red1 27. Qxf5 R1d2+ 28. Kg1 b6 29. Qe5 Rd8 30. a3 Rc2 31.
Qe6+ Kh8 32. Qe1 Rxb2 33. h4 c4 34. h5 h6 35. g4 Rbd2 36. Qe5 Ra2 37. Qe1 c3 38. g5 c2 39. Qe3 Rd1+ 40. Kg2 c1=Q+ 0-1

[Event "44th Chess Olympiad Open 2022"]
[Site "Chennai"]
[Date "2022.08.01"]
[Round "4.67"]
[White "Gong Thon Gong"]
[Black "Ashraf, Ahmed Ramadan"]
[Result "1-0"]
[WhiteElo "2176"]
[BlackElo "1916"]
[Annotator "NA RC"]
[PlyCount "105"]
[EventDate "2022.??.??"]
[TimeControl "60"]

1. e4 e5 2. Nf3 Nc6 3. Bc4 Nf6 4. O-O Be7 5. d4 d6 6. d5 Nb8 7. Re1 Bg4 8. h3 Bh5 9. Nbd2 O-O 10. Nf1 Nbd7 11. Ng3 Bg6 12. Nh4 c6 13. dxc6 bxc6 14. Nhf5 d5 15. exd5 cxd5 16. Bxd5 Rc8 17. Bb3 Bc5 18. Be3 Qc7 19. Qe2 Nh5 20. Bxc5 Qxc5 21. Nxh5 Bxf5 22. Ng3 Bg6 23. Rad1 Rcd8 24. h4 h6 25. h5 Bh7 26. Rd5 Qc7 27. Qe3 e4 28.
Rd4 Nf6 29. Rc4 Qb8 30. Qc5 Rc8 31. Qb4 Qe5 32. Qc3 Qb8 33.
Rd1 Rxc4 34. Qxc4 e3 35. fxe3 Bxc2 36. Bxc2 Qxg3 37. Qf4 Qxf4 38. exf4 Nxh5 39. Rd7 Nxf4 40. Rxa7 Rd8 41. Bb3 Rd2 42. Rxf7 Ne2+ 43. Kh2 Nd4 44. Rb7+ Kf8 45. Bd5 Ne2 46. Bc4 Nd4 47. a4 Nf3+ 48. Kg3 Ne5 49. Bf1 g5 50. a5 Rd1 51. Be2 Rd2 52. a6 Rd7 53.
a7 1-0